 Dungeon Crawl Stone Soup version 0.30-a0-122-g2a1322497e (webtiles) character file.

Game seed: 12767048169799298440

5 IdlyInterested the Sneak (level 1, -1/16 HPs)
             Began as a Demonspawn Brigand on Sept 15, 2022.
             Succumbed to a kobold's poison
             ... on level 1 of the Dungeon.
             The game lasted 00:00:34 (34 turns).

IdlyInterested the Sneak (Demonspawn Brigand)         Turns: 34, Time: 00:00:35

Health: -1/16      AC:  3    Str: 11    XL:     1   Next: 66%
Magic:  1/1        EV: 11    Int: 12    God:
Gold:   0          SH:  0    Dex: 14    Spells: 0/0 levels left

rFire   . . .      SeeInvis .    a - +2 dagger
rCold   . . .      Faith    .    (no shield)
rNeg    . . .      Spirit   .    b - +0 robe
rPois   .          Reflect  .    (no helmet)
rElec   .          Harm     .    c - +0 cloak
rCorr   .          Rampage  .    (no gloves)
Will    .....                    (no boots)
Stlth   ++........               (no amulet)
HPRegen 0.05/turn                (no ring)
MPRegen 0.07/turn                (no ring)

@: lethally poisoned (-1 -> -9)
A: no striking features
a: no special abilities


You were on level 1 of the Dungeon.
You visited 1 branch of the dungeon, and saw 1 of its levels.

Inventory:

Hand Weapons
 a - a +2 dagger (weapon)
Missiles
 d - 9 poisoned darts (quivered)
 e - 3 curare-tipped darts
Armour
 b - a +0 robe (worn)
 c - a +0 cloak (worn)


   Skills:
 + Level 2.1 Fighting
 * Level 1.9 Short Blades
 - Level 1.7 Throwing
 + Level 1.0 Dodging
 * Level 3.7 Stealth


You couldn't memorise any spells.
You didn't know any spells.
Your spell library was empty.

Dungeon Overview and Level Annotations

Branches:
Dungeon (1/15)

Altars:


Message History

The goblin is severely wounded.
The goblin barely misses you.
You hit the goblin.
The goblin is almost dead.
The goblin hits you with a +0 club.
A kobold comes into view. It is wielding a +0 dagger of venom.
The kobold shouts!
You hit the goblin.
You kill the goblin!
The kobold throws a stone.
The stone hits you but does no damage.
Your Dodging skill increases to level 1!
You hit the hobgoblin but do no damage. The hobgoblin hits you.
You hit the hobgoblin.
The hobgoblin is severely wounded.
The hobgoblin barely misses you.
You hit the hobgoblin.
The hobgoblin is almost dead.
The kobold hits you but does no damage.
You are lethally poisoned!
The hobgoblin hits you but does no damage.
You hit the kobold but do no damage.
You feel very sick. The kobold hits you but does no damage.
You are more poisoned.
The hobgoblin closely misses you.
You hit the kobold.
You kill the kobold!
You feel very sick. The hobgoblin misses you.
You hit the hobgoblin but do no damage.
The hobgoblin is almost dead.
* * * LOW HITPOINT WARNING * * *
You feel sick.
The hobgoblin hits you but does no damage.
You aren't carrying any potions.
You hit the hobgoblin.
You kill the hobgoblin!
* * * LOW HITPOINT WARNING * * *
You feel sick.
You die...

♣♣♣♣ ###...♣♣♣
........♣♣♣♣###
..............
###............
...............
.P.............
#)@# #..# #..#
#..# #†.# ####
##'#
##..##########..##
#<...#......'....#
#....'......#....#


There were no monsters in sight!

Vanquished Creatures
  A bat (D:1)
  A goblin (D:1)
  A hobgoblin (D:1)
  A kobold (D:1)
  A rat (D:1)
5 creatures vanquished.

Notes
Turn   | Place    | Note
-------+----------+-------------------------------------------
     0 | D:1      | IdlyInterested the Demonspawn Brigand began the quest for
                  | the Orb.
     0 | D:1      | Reached XP level 1. HP: 16/16 MP: 1/1
    27 | D:1      | Reached skill level 1 in Dodging
    34 | D:1      | Succumbed to a kobold's poison

Illustrated notes

Levels and vault maps discovered:
D:1:      sevenhm_arrival_forest_fort_large_4, layout_basic,
          dreamdust_ecumenical_altar_drowned_temple

Skill      XL: |  1 |
---------------+----+-----
Dodging        | 1 |  1.0
Fighting       | |  2.1
Short Blades   | |  1.9
Throwing       | |  1.7
Stealth        | |  3.7

Action                   || total
-------------------------++-------
Melee: Dagger            ||    12
 Stab: Sleeping          ||     1
Armor: Robe              ||     5
Dodge: Dodged            ||     4

Table legend: (Time is in decaauts)
 A = Elapsed time spent in this place.
 B = Non-inter-level travel time spent in this place.
 C = Inter-level travel time spent in this place.
 D = Time resting spent in this place.
 E = Time spent auto-exploring this place.
 F = Levels seen in this place.
 G = Mean time per level.
                   A        B        C        D        E       F      G
               +--------+--------+--------+--------+--------+-----+--------+
         Total |     32 |     32 |      0 |      0 |     16 |   1 |   32.0 |
       Dungeon |     32 |     32 |      0 |      0 |     16 |   1 |   32.0 |
               +--------+--------+--------+--------+--------+-----+--------+

Top non-repeatable levels by time:
     D:1: 32 daAuts
